 Dungeon Crawl Stone Soup version 0.18.1-48-g4cf74bf (webtiles) character file.

296 Gargoyl the Covered (level 6, -28/72 HPs)
             Began as a Demonspawn Abyssal Knight on July 21, 2016.
             Was a Priest of Lugonu.
             Killed from afar by an orc (31 damage)
             ... with an exploding inner flame
             ... hexed by the player character
             ... on level 4 of the Dungeon.
             The game lasted 00:08:33 (3981 turns).

Gargoyl the Covered (Demonspawn Abyssal Knight)     Turns: 3981, Time: 00:08:34

Health: -28/72     AC: 23    Str: 11 (14) XL:     6   Next: 12%
Magic:  16/16      EV:  2    Int: 17 (19) God:    Lugonu [***...]
Gold:   230        SH:  0    Dex: 18 (19) Spells: 0 memorised, 5 levels left

rFire  . . .     SeeInvis .     u - +1 war axe
rCold  . . .     Gourm    .     (armour currently unavailable)
rNeg   + + +     Faith    .     (no shield)
rPois  +         Spirit   .     (helmet currently unavailable)
rElec  .         Dismiss  .     (cloak currently unavailable)
rCorr  +         Reflect  .     (gloves currently unavailable)
SustAt .         Harm     .     (boots currently unavailable)
MR     .....     NoTele   +     (no amulet)
Stlth  ++++......               s - ring of magical power
                                l - ring of resist corrosion

@: brilliant, agile, tree-form (expiring), very slightly contaminated, hasted,
very quick, not resistant to hostile enchantments, stealthy
A: (hooves 0), thin skeletal structure 1, nightstalker 1
a: Depart the Abyss, Bend Space, Banish, Renounce Religion


You were on level 4 of the Dungeon.
You worshipped Lugonu.
Lugonu was most pleased with you.
You were hungry.
You were a tree.
You visited 1 branch of the dungeon, and saw 6 of its levels.
You visited the Abyss 1 time.

You collected 230 gold pieces.

Inventory:

Hand Weapons
 u - a +1 war axe (weapon)
Missiles
 w - 7 tomahawks (quivered)
Armour
 f - a +0 chain mail (melded)
 t - a +0 cloak (melded)
 A - a +0 pair of boots (melded)
Jewellery
 l - a ring of resist corrosion (left branch)
 s - a ring of magical power (right branch)
Scrolls
 e - 4 scrolls of identify
 i - 2 scrolls of enchant armour
Potions
 x - a potion of agility
Comestibles
 b - 3 beef jerkies
 c - 3 bread rations
 d - 2 meat rations


   Skills:
 + Level 4.1 Fighting
 + Level 3.0 Axes
 * Level 4.4 Armour
 + Level 1.5 Dodging
 + Level 2.5 Invocations


You had 5 spell levels left.
You didn't know any spells.

Dungeon Overview and Level Annotations

Branches:
Dungeon (6/15)
 Temple: D:4-7

Altars:
Gozag
Nemelex Xobeh
Zin
The Shining One

Annotations:
D:5 Homunkoloss's ghost, amateur MiFi


Innate Abilities, Weirdness & Mutations

((You have large cloven feet.))
You have a somewhat thin skeletal structure (Dex +2, Stealth).
You are slightly more attuned to the shadows.


Message History

You hit the orc.
The orc explodes!
The fiery explosion engulfs Robin.
Robin explodes!
The fiery explosion engulfs the orc priest.
The orc priest explodes!
The fiery explosion engulfs you! Lugonu accepts your kill.
You can now banish your foes.
Your Axes skill increases to level 3!
You have reached level 6!
Your experience leads to an increase in your attributes!
Your base attributes are Str 13, Int 14, Dex 14.
Increase (S)trength, (I)ntelligence, or (D)exterity?
You feel stronger. The fiery explosion engulfs you!
Ouch! That really hurt!
* * * LOW HITPOINT WARNING * * *
Lugonu accepts your kill. The fiery explosion engulfs you!
You die...

#.# #.#
#.# #.# #
#.#.##.
##.#>...
#........
#§g######
#♣§§g.s.
#§§§####
#§§.#
#...#
.o..%
gg###.
.g. .#


You could see a goblin (inner flame).

Vanquished Creatures
  An ice beast (D:6)
  An orc priest (D:4)
  A worker ant (D:6)
  Robin (D:4)
  6 adders
  An ooze (D:1)
  A worm (D:2)
  2 dart slugs
  3 giant geckos
  4 orcs
  4 giant cockroaches
  7 hobgoblins
  4 jackals (D:1)
  2 quokkas (D:3)
  13 bats
  3 giant newts
  11 goblins
  5 kobolds
  11 rats
81 creatures vanquished.

Notes
Turn   | Place    | Note
--------------------------------------------------------------
     0 | Abyss:1  | Gargoyl the Demonspawn Abyssal Knight began the quest for the Orb.
     0 | Abyss:1  | Reached XP level 1. HP: 18/18 MP: 2/2
    49 | Abyss:2  | Noticed a demonic crawler
    52 | Abyss:2  | Noticed a green draconian
    55 | D:1      | Escaped the Abyss
   134 | D:1      | Reached * piety under Lugonu
   193 | D:1      | Gained mutation: You have a somewhat thin skeletal structure (Dex +2, Stealth). [demonic ancestry]
   193 | D:1      | Reached XP level 2. HP: 22/24 MP: 3/3
   747 | D:2      | Gained mutation: You are slightly more attuned to the shadows. [demonic ancestry]
   747 | D:2      | Reached XP level 3. HP: 28/29 MP: 4/4
   877 | D:2      | Reached skill level 1 in Dodging
   882 | D:2      | Reached ** piety under Lugonu
  1392 | D:2      | Reached XP level 4. HP: 33/37 MP: 5/5
  1492 | D:2      | Found a glowing silver altar of Zin.
  1778 | D:3      | Found a glowing golden altar of the Shining One.
  2696 | D:3      | Gained mutation: You have large cloven feet. [demonic ancestry]
  2696 | D:3      | Reached XP level 5. HP: 32/42 MP: 6/6
  3057 | D:3      | You fall through a shaft for 3 floors!
  3057 | D:6      | Noticed an ice beast
  3090 | D:6      | Killed an ice beast
  3576 | D:6      | Found a sparkling altar of Nemelex Xobeh.
  3577 | D:6      | Found an opulent altar of Gozag.
  3671 | D:5      | Entered Level 5 of the Dungeon
  3745 | D:5      | Noticed Homunkoloss's ghost (amateur MiFi)
  3958 | D:4      | Noticed Robin
  3981 | D:4      | Killed Robin
  3981 | D:4      | Reached *** piety under Lugonu
  3981 | D:4      | Reached XP level 6. HP: 41/48 MP: 7/7
  3981 | D:4      | HP: 3/72 [Robin/exploding inner flame[the player character] (38)]
  3981 | D:4      | Killed from afar by an orc

Skill      XL: |  1  2  3  4  5 |
---------------+----------------+-----
Armour         | 2 3 4 |  4.4
Axes           | 2 3 |  3.0
Dodging        | 1 |  1.5
Fighting       | 4 |  4.1
Invocations    | |  2.5

Action                   |  1- 3 |  4- 6 || total
-------------------------+-------+-------++-------
Melee: Hand axe          |   133 |   166 ||   299
       War axe           |       |     9 ||     9
Throw: Tomahawk          |       |     3 ||     3
Invok: Depart the Abyss  |     1 |       ||     1
  Use: Scroll            |       |    10 ||    10
       Potion            |       |    10 ||    10
  Eat: Chunk             |     2 |     6 ||     8
       Fruit             |       |     2 ||     2
Armor: Chain mail        |   132 |   144 ||   276
       Skin              |       |    59 ||    59
Dodge: Dodged            |    97 |    81 ||   178
